 Dungeon Crawl Stone Soup version 0.28.0-43-g3370ac3207 (console) character file.

Game seed: 10041529895690546735

1271 Zeor the Basher (level 8, 0/49 HPs)
             Began as a Gargoyle Berserker on Mar 27, 2022.
             Was a Believer of Trog.
             Slain by a sky beast (2 damage)
             ... on level 5 of the Dungeon.
             The game lasted 00:12:21 (4651 turns).

Zeor the Basher (Gargoyle Berserker)                Turns: 4651, Time: 00:12:22

Health: 0/49       AC: 14    Str: 22      XL:     8   Next: 53%
Magic:  8/8        EV: 10    Int:  8 (9)  God:    Trog [**....]
Gold:   214        SH:  0    Dex:  9      Spells: 7/7 levels left

rFire   . . .      SeeInvis .   a - +1 mace (venom)
rCold   . . .      Faith    .   (no shield)
rNeg    + . .      Spirit   .   d - +0 scale mail
rPois   ∞          Reflect  .   (no helmet)
rElec   +          Harm     .   (no cloak)
rCorr   .          Rampage  .   p - +0 pair of gloves
Will    .....                   (no boots)
Stlth   ..........              (no amulet)
HPRegen 0.16/turn               (no ring)
MPRegen 0.11/turn               (no ring)

@: on berserk cooldown, attractive, slowed, very slow
A: sickness immunity, AC +5, negative energy resistance 1, electricity
resistance, torment resistance 1, petrification resistance
a: Renounce Religion, Berserk, Trog's Hand


You were on level 5 of the Dungeon.
You worshipped Trog.
Trog was pleased with you.
You visited 1 branch of the dungeon, and saw 5 of its levels.

You collected 214 gold pieces.

Inventory:

Hand Weapons
 a - a +1 mace of venom (weapon)
Missiles
 b - a boomerang of dispersal (quivered)
 c - 16 bolts
 k - 26 arrows
Armour
 d - a +0 scale mail (worn)
 p - a +0 pair of gloves (worn)
Wands
 e - a wand of mindburst (12)
 l - a wand of flame (12)
Scrolls
 j - a scroll of teleportation
Potions
 f - a potion of resistance
 h - 3 potions of might
 i - a potion of degeneration
 n - a potion of flight {unknown}


   Skills:
 + Level 5.0 Fighting
 * Level 8.3 Maces & Flails
 + Level 0.4 Throwing
 + Level 5.3 Armour
 + Level 2.4 Dodging
 + Level 1.1 Stealth


You had 7 spell levels left.
You didn't know any spells.
Your spell library was empty.

Dungeon Overview and Level Annotations

Branches:
Dungeon (5/15)
 Temple: D:4-7

Altars:
Nemelex Xobeh
Xom

Shops:
D:1 :


Innate Abilities, Weirdness & Mutations

You are immune to sickness and miasma.
Your stone body is resilient. (AC +5)
You are immune to poison.
You resist negative energy. (rN+)
You are resistant to electric shocks. (rElec)
You are resistant to unholy torment.
You are immune to petrification.


Message History

You have reached level 8!
You feel clever.
You hit the orc.
The orc is poisoned.
The orc is moderately wounded.
Something hits you but does no damage.
You bludgeon the orc!!
You kill the orc!
Trog accepts your kill.
There is a strange disturbance nearby!
You closely miss something. Something hits you but does no damage.
You sock something! Something hits you.
* * * LOW HITPOINT WARNING * * *
Something shocks you. You resist.
* * * LOW HITPOINT WARNING * * *
You miss something.
You are no longer berserk.
You are exhausted.
You feel yourself slow down.
You barely miss something.
Something hits you but does no damage. x2
You barely miss something. Something hits you but does no damage.
It was a potion of attraction.
You feel attractive to monsters.
Something hits you but does no damage. x2
You closely miss something.
A sky beast appears from thin air!
Reactivating autopickup.
The sky beast hits you but does no damage.
You barely miss the sky beast.
The sky beast is heavily wounded.
The sky beast hits you but does no damage.
The sky beast hits you.
* * * LOW HITPOINT WARNING * * *
The sky beast shocks you. You resist.
* * * LOW HITPOINT WARNING * * *
You hit the sky beast but do no damage.
The sky beast looks even sicker.
The sky beast is heavily wounded.
The sky beast hits you but does no damage.
Found an escape hatch in the floor.
The sky beast flickers out of sight!
Deactivating autopickup; reactivate with Ctrl-A.
Something hits you.
You die...

▒∙∙∙∙∙∙∙∙∙∙∙▒▒
▒∙∙∙∙∙∙∙∙∙∙∙∙∙∙
▒▒▒▒∙∙∙∙∙∙∙∙∙∙∙∙∙▒▒∙∙∙
∙∙∙∙∙∙∙∙∙∙∙∙∙∙∙▒▒▒∙∙∙
>∙∙▒∙∙∙∙∙∙∙∙∙▒▒▒∙∙∙∙
▒∙∙∙∙∙∙∙∙∙∙∙∙∙∙∙∙∙ $
▒∙∙∙∙∙∙∙)∙∙∙∙∙∙∙∙▒ ∙∙∙
▒∙9{≈)∙∙∙∙∙∙∙▒∙∙∙∙
▒▒▒▒▒∙∙∙∙▒▒∙∙∙∙∙∙∙
▒▒▒▒∙∙∙▒∙<∙∙∙∙∙∙∙∙
∙∙∙∙∙∙∙∙∙∙∙∙∙▒▒▒▒▒▒
∙∙∙∙$∙∙∙∙∙▒▒▒▒


∙∙∙∙∙∙∙∙∙∙∙∙∙ ∙∙∙∙∙∙∙∙∙∙▒▒∙∙▒ ∙∙∙∙∙∙∙▒▒▒▒ ▒∙∙∙ ∙∙∙∙∙!∙ ▒▒∙∙ There were no
monsters in sight!

Vanquished Creatures
  Pikel (D:5)
  A water moccasin (D:3)
  A black bear (D:4)
  2 ogres (D:4)
  2 phantoms (D:4)
  2 howler monkeys
  3 orc wizards
  5 adders
  3 worms
  9 orcs
  4 endoplasms
  8 giant cockroaches
  4 hobgoblins
  2 jackals (D:1)
  4 kobolds
  4 quokkas
  6 ball pythons
  4 bats
  A frilled lizard (D:1)
  6 goblins
  10 rats
82 creatures vanquished.

Notes
Turn   | Place    | Note
-------+----------+-------------------------------------------
     0 | D:1      | Zeor the Gargoyle Berserker began the quest for the Orb.
     0 | D:1      | Reached XP level 1. HP: 14/14 MP: 1/1
     1 | D:1      | Found a runed translucent door.
    38 | D:1      | Reached XP level 2. HP: 13/19 MP: 2/2
   397 | D:1      | You fall into a shaft and drop 1 floor!
   472 | D:1      | Found a faded altar of an unknown god.
   508 | D:1      | Reached XP level 3. HP: 23/23 MP: 3/3
   526 | D:1      | Found Jogokie's Book Boutique.
   563 | D:1      | Reached ** piety under Trog
   981 | D:1      | Reached skill level 4 in Maces & Flails
  1401 | D:2      | Reached XP level 4. HP: 25/28 MP: 4/4
  1941 | D:3      | Found a shimmering altar of Xom.
  2010 | D:3      | Found a sparkling altar of Nemelex Xobeh.
  2161 | D:3      | Noticed a water moccasin
  2176 | D:3      | Killed a water moccasin
  2177 | D:3      | Reached skill level 5 in Maces & Flails
  2177 | D:3      | Reached XP level 5. HP: 15/33 MP: 5/5
  2273 | D:3      | Reached XP level 6. HP: 22/38 MP: 6/6
  3140 | D:4      | Reached skill level 6 in Maces & Flails
  3505 | D:4      | Reached XP level 7. HP: 18/43 MP: 7/7
  3773 | D:4      | Reached skill level 7 in Maces & Flails
  4616 | D:5      | Entered Level 5 of the Dungeon
  4628 | D:5      | Noticed Pikel
  4638 | D:5      | Killed Pikel
  4639 | D:5      | Reached skill level 5 in Fighting
  4639 | D:5      | Reached skill level 8 in Maces & Flails
  4639 | D:5      | Reached skill level 5 in Armour
  4639 | D:5      | Reached skill level 1 in Stealth
  4639 | D:5      | Reached XP level 8. HP: 6/49 MP: 8/8
  4649 | D:5      | HP: 2/49 [sky beast (1)]
  4651 | D:5      | Slain by a sky beast

Illustrated notes

Levels and vault maps discovered:
D:1:      dpeg_arrival_caged_fury, layout_loops_cross,
          shapermc_ecumenical_altar_pompeii, serial_shops, shop, nrook_uturn,
          hangedman_decor_clover_reticule, serial_bayou_pond_d
D:2:      wad_lake_hut, layout_rooms, minmay_tree_intersection,
          grunt_ministairs_4, minmay_tromino_v4_a
D:3:      layout_basic, nemelex_diamond_rough_becter,
          lemuel_coloured_pillars_altar, roderic_lattice_a
D:4:      layout_layer_cave, kennysheep_decorative_pillar
D:5:      layout_rooms, mainiacjoe_overflow_small_starburst,
          nicolae_ashenzari_skybound, lemuel_doored_altar, temple_green,
          uniq_pikel, uniq_duvessa

Skill      XL: |  1  2  3  4  5  6  7 |
---------------+----------------------+-----
Maces & Flails | 4 5 6 8 |  8.3
Dodging        | 2 |  2.4
Armour         | 3 5 |  5.3
Fighting       | 4 5 |  5.0
Stealth        | 1 |  1.1
Throwing       | |  0.4

Action                   |  1- 3 |  4- 6 |  7- 9 || total
-------------------------+-------+-------+-------++-------
Melee: Mace              |   109 |    93 |    66 ||   268
       Punch             |     2 |       |       ||     2
Throw: Boomerang         |       |     2 |       ||     2
Invok: Berserk           |     1 |     3 |     2 ||     6
  Use: Scroll            |     7 |     2 |       ||     9
       Potion            |       |       |     3 ||     3
Armor: Animal skin       |    24 |       |       ||    24
       Scale mail        |    38 |    34 |    52 ||   124
Dodge: Dodged            |    53 |    32 |    29 ||   114
